 Dungeon Crawl Stone Soup version 0.19-a0-1653-g922d709 (webtiles) character file.

224386 Promi the Warrior (level 18, -1/163 HPs)
             Began as a Grey Draconian Conjurer on Sept 19, 2016.
             Was the Champion of Vehumet.
             Killed from afar by Nikola (4 damage)
             ... with a chain lightning
             ... on level 1 of the Shoals on Sept 20, 2016.
             The game lasted 06:02:55 (68226 turns).

Promi the Warrior (Grey Draconian Conjurer)        Turns: 68226, Time: 06:02:56

Health: -1/163     AC: 19    Str: 11    XL:     18   Next: 59%
Magic:  20/41      EV: 20    Int: 21    God:    Vehumet [******]
Gold:   2017       SH: 12    Dex: 16    Spells: 9 memorised, 0 levels left

rFire  + + .     SeeInvis +     W - staff of energy
rCold  + . .     Gourm    .     (armour unavailable)
rNeg   . . .     Faith    .     P - +2 shield
rPois  +         Spirit   .     D - +0 hat
rElec  +         Dismiss  .     F - +0 cloak
rCorr  +         Reflect  .     a - +1 pair of gloves of Courage {rCorr}
MR     +....     Harm     .     C - +0 pair of boots
Stlth  +++.......               (no amulet)
                                T - ring "Sienestra" {rF+ MP+9 SInv}
                                A - ring of poison resistance

@: about to teleport, resistant
A: walk through water, unfitting armour, agile 1, unbreathing, cold-blooded, AC
+15
a: Renounce Religion
}: 1/15 runes: serpentine


You were on level 1 of the Shoals.
You worshipped Vehumet.
Vehumet was exalted by your worship.
You were not hungry.

You visited 8 branches of the dungeon, and saw 31 of its levels.
You also visited: Labyrinth and Volcano.

You collected 3567 gold pieces.
You spent 1550 gold pieces at shops.

Inventory:

Hand Weapons
 l - a +0 long sword
 q - a +3 dagger
 B - the +7 hand axe of Cocytus {drain, +Fly rC+ rN+ Int-2 Dex+2}
   (You found it on level 8 of the Dungeon)

   A truly terrible weapon, it drains the life of those it strikes.
   It affects your intelligence (-2).
   It affects your dexterity (+2).
   It protects you from cold.
   It protects you from negative energy.
   It lets you fly.
Armour
 a - the +1 pair of gloves of Courage (worn) {rCorr}
   (You acquired it on level 6 of the Lair of Beasts)

   It protects you from acid and corrosion.
 g - a +2 large shield
 j - a +2 buckler
 C - a +0 pair of boots (worn)
 D - a +0 hat (worn)
 F - a +0 cloak (worn)
 P - a +2 shield (worn)
Magical Staves
 E - an uncursed staff of wizardry
 W - an uncursed staff of energy (weapon)
Jewellery
 r - an uncursed ring of protection from cold
 t - an uncursed ring of resist corrosion
 v - an uncursed ring of ice
 w - a +5 ring of dexterity
 y - an uncursed ring of protection from fire
 A - a ring of poison resistance (left hand)
 J - a +5 ring of protection
 O - an uncursed ring of see invisible
 S - an uncursed ring of magical power
 T - the ring "Sienestra" (right hand) {rF+ MP+9 SInv}
   (You found it in a labyrinth)

   [ring of protection from fire]

   It protects you from fire.
   It affects your magic capacity (+9).
   It lets you see invisible.
Wands
 s - a wand of iceblast (10/15)
 R - a wand of iceblast (9/15)
 V - a wand of iceblast (7/15)
Scrolls
 d - 4 scrolls of remove curse
 e - 14 scrolls of identify
 f - 7 scrolls of enchant weapon
 k - 2 scrolls of teleportation
 p - 2 scrolls of recharging
 z - a scroll of magic mapping
 K - a scroll of enchant armour
 M - 8 scrolls of amnesia
 X - a scroll of blinking
 Y - a scroll of silence
Potions
 c - 11 potions of curing
 m - 5 potions of agility
 n - 4 potions of flight
 x - a potion of berserk rage
 H - a potion of heal wounds
 I - a potion of magic
 N - a potion of cure mutation
 U - 3 potions of brilliance
Books
 Q - the Disquisition on Talismans and Lightness
   (You found it on level 15 of the Dungeon)

   Spells                             Type                      Level
   a - Infusion                       Charms                       1
   b - Shock                          Conjuration/Air              1
   c - Repel Missiles                 Charms/Air                   2
   d - Swiftness                      Charms/Air                   2
   e - Mephitic Cloud                 Conjuration/Poison/Air       3
   f - Lightning Bolt                 Conjuration/Air              5
   g - Deflect Missiles               Charms/Air                   6
Comestibles
 b - 16 bread rations
 h - 12 royal jellies
 i - 10 meat rations
 o - 6 slices of pizza
 u - 12 beef jerkies
 L - 4 fruits
 Z - 4 chunks of flesh


   Skills:
 + Level 15.1 Fighting
 - Level 4.1 Long Blades
 + Level 12.9 Axes
 + Level 12.7 Dodging
 - Level 7.1 Stealth
 * Level 6.8 Shields
 - Level 10.1 Spellcasting
 - Level 13.4 Conjurations
 * Level 9.1 Hexes
 - Level 6.0 Charms
 - Level 13.6 Earth Magic


You couldn't memorise any spells.
You knew the following spells:

 Your Spells              Type           Power        Failure   Level  Hunger
a - Magic Dart            Conj           ####         1%          1    None
b - Searing Ray           Conj           ######       1%          2    None
c - Dazzling Spray        Conj/Hex       ######       1%          3    None
d - Iskenderun's Mystic   Conj           ######..     1%          4    None
e - Iskenderun's Battles  Conj/Chrm      ######..     3%          5    None
f - Lee's Rapid Deconstr  Erth           ######....   1%          5    None
g - Tukima's Dance        Hex            #####...     1%          3    None
h - Iron Shot             Conj/Erth      ######....   3%          6    None
i - Lehudib's Crystal Sp  Conj/Erth      ######....   94%         8    None


Dungeon Overview and Level Annotations

Branches:
Dungeon (15/15)            Temple (1/1) D:4            Lair (6/6) D:8
 Shoals (1/4) Lair:4        Snake (4/4) Lair:3        Slime (1/5) Lair:5
    Orc (2/2) D:9             Elf (0/3) Orc:2        Vaults (0/5) D:13
 Depths (1/5) D:15

Altars:
Ashenzari
Cheibriados
Dithmenos
Elyvilon
Fedhas
Gozag
Hepliaklqana
Kikubaaqudgha
Makhleb
Nemelex Xobeh
Okawaru
Qazlal
Ru
Sif Muna
Trog
Uskayaw
Vehumet
Xom
Yredelemnul
Zin
The Shining One
Jiyva

Shops:
D:4 =   D:9 [   D:11 !   Orc:1 :   Orc:2 *%}((?*   Snake:1 =}=   Snake:2 [*%

Annotations:
D:3 cortexin's ghost, amateur TeFi
D:12 Azrael; Kirke
Shoals:1 Nikola
Snake:2 Vashnia
Depths:1 Bai Suzhen


Innate Abilities, Weirdness & Mutations

You can walk through water.
Your dull iron-grey scales are very hard. (AC +15)
Your body does not fit into most forms of armour.
You can survive without breathing.
You are cold-blooded and may be slowed by cold attacks.
You are agile. (Dex +2)


Message History

Nikola points at you and mumbles some strange words.
The zap hits you!
You have 2017 gold pieces.
Casting: Iskenderun's Mystic Blast
Confirm with . or Enter, or press ? or * to list all spells.
Okay, then.
Casting: Iskenderun's Mystic Blast
Confirm with . or Enter, or press ? or * to list all spells.
Aiming: Tukima's Dance
Press: ? - help, Shift-Dir - straight line, f/p - Nikola
Aim: Nikola, wielding a rapier of electrocution, wearing a cloak and wearing a pair of gloves (moderately wounded, chance to defeat MR: 7%) Nikola resists with almost no effort.
Nikola gestures wildly while chanting.
You hear a mighty clap of thunder!
The lightning arc hits you! You resist.
* * * LOW HITPOINT WARNING * * *
The lightning arc hits Nikola.
The lightning arc hits you! You resist.
* * * LOW HITPOINT WARNING * * *
The lightning arc hits Nikola.
The lightning arc hits you! You resist.
You die...

.≈≈≈. ..... ≈....≈.
≈≈≈≈≈≈ ###.. ≈...≈≈(..
≈≈≈≈≈≈ .........
.≈≈≈≈≈ #
.......##.≈≈≈≈≈≈ ##
..≈ #........≈≈≈≈≈P .#
#.≈## #....≈≈.≈≈≈.PP.
.#
##...###....@≈≈.≈≈≈≈P≈
##
...........@≈....≈P≈≈
#.......*...≈≈....≈≈.
#...≈≈.####..≈≈≈.)≈≈≈
######..≈≈..#
##..≈≈≈≈≈≈≈
#..#..≈.÷≈..#
#...≈≈≈≈.≈
#.....≈≈≈...#
##..≈≈P≈≈≈
##...≈≈≈≈...##
##.≈≈≈≈≈≈≈
...≈≈≈≈≈≈≈≈..#
##..≈≈≈≈≈≈≈
.....≈≈≈≈≈≈≈.#
#...≈≈≈≈≈≈≈


You could see Nikola and a friendly battlesphere.

Vanquished Creatures
  Rupert (D:14)
  2 sphinxes (D:15)
  A tengu reaver (D:15)
  A shadow dragon (D:15)
  9 greater nagas
  Aizul (Snake:2)
  A frost giant (D:15)
  A vampire knight (D:15)
  A war gargoyle (D:15)
  A stone giant (D:15)
  A very ugly thing (D:15)
  An entropy weaver (Lair:5)
  2 ettins (D:15)
  A minotaur (Lab)
  A fire dragon (D:15)
  Josephine (D:11)
  The ghost of bazzz the Thaumaturge, a journeyman GrEE of Vehumet (Lair:3)
  Harold (D:10)
  16 naga warriors
  A yaktaur captain (D:15)
  2 great orbs of eyes
  4 vault guards (D:13)
  10 hydras
  A catoblepas (D:15)
  8 anacondas
  7 centaur warriors
  An ogre mage (D:15)
  2 death knights (D:15)
  A queen ant (Lair:5)
  3 tengu warriors
  A deep troll earth mage (D:15)
  Urug (D:12)
  18 naga sharpshooters
  11 shock serpents
  A sun demon (Orc:2)
  A shock serpent (shapeshifter) (D:15)
  5 skeletal warriors
  3 salamander mystics
  2 fire crabs
  A sixfirhy (Orc:2)
  9 unseen horrors
  An unseen horror (shapeshifter) (Depths:1)
  8 sea snakes
  A deep troll (D:15)
  2 phantasmal warriors (D:15)
  A necromancer (D:15)
  Pikel (D:9)
  6 naga ritualists
  2 orc knights
  7 hill giants
  A deep elf archer (D:15)
  2 lindwurms (Lair:6)
  A ghost (D:15)
  2 wolf spider zombies (D:15)
  11 mana vipers
  5 fauns (Shoals:1)
  10 ugly things
  11 salamanders
  7 cyclopes
  4 deep elf magi
  A salamander (shapeshifter) (D:15)
  A guardian serpent (Snake:3)
  2 toenail golems (Volcano)
  4 sirens
  7 manticores
  46 black mambas
  3 elephants (Lair:4)
  Maurice (D:11)
  3 gargoyles
  11 naga magi
  9 spiny frogs
  5 torpor snails (Lair:6)
  The ghost of jedvagenij the Shield-Bearer, a novice FoFi (D:4)
  4 centaur skeletons
  2 rime drakes
  2 efreet
  3 freezing wraiths
  A redback zombie (D:15)
  9 komodo dragons
  6 kobold demonologists
  12 yaktaurs
  A queen bee (Lair:6)
  3 tengu conjurers
  An ice devil (Orc:2)
  3 trolls
  6 meliai
  9 polar bears
  2 tyrant leeches (Lair:6)
  A wolf spider simulacrum (D:12)
  2 merfolk (Shoals:1)
  4 two-headed ogres
  4 dream sheep (Lair:6)
  A hornet zombie (D:14)
  6 slime creatures
  5 raiju (Lair:6)
  13 hippogriffs
  A meliai zombie (D:15)
  A spriggan (Lair:3)
  A centaur simulacrum (D:15)
  11 wraiths
  A redback (shapeshifter) (D:15)
  59 yaks
  4 fire bats
  8 shadows
  2 vampires
  A wyvern (Lair:3)
  3 hungry ghosts
  A fire elemental (D:12)
  3 hogs (D:11)
  2 basilisks
  15 vampire mosquitoes
  A chaos spawn (Orc:2)
  72 nagas
  4 mottled dragons
  6 wargs
  21 soldier ants
  11 hell hounds
  14 water moccasins
  4 porcupines
  A hornet simulacrum (D:15)
  3 sky beasts
  4 ice beasts
  25 orc warriors
  7 wasps
  3 necrophages
  20 black bears
  9 ogres
  An eye of draining (D:14)
  3 phantoms
  14 wolves
  17 centaurs
  16 crocodiles
  25 bullfrogs
  6 big kobolds
  8 scorpions
  A water moccasin skeleton (D:6)
  8 wights
  31 killer bees
  8 howler monkeys
  4 lava snakes (Lab)
  10 electric eels
  11 crimson imps
  3 bullfrog zombies
  A quasit (D:11)
  4 centaur zombies
  29 hounds
  16 orc priests
  6 jellies
  4 bullfrog skeletons
  5 iguanas
  19 orc wizards
  17 worker ants
  2 hound zombies (D:8)
  3 hound skeletons
  A gnoll (D:1)
  9 adders
  50 river rats
  4 shadow imps
  4 oozes
  An adder zombie (D:8)
  5 worms
  2 dart slugs
  8 leopard geckos
  87 orcs
  3 ball pythons (D:1)
  7 giant cockroaches
  5 hobgoblins
  10 jackals
  8 quokkas
  21 bats
  10 frilled lizards
  A giant cockroach zombie (D:5)
  11 goblins
  24 kobolds
  12 rats
  2 fungi
  2 plants
1291 creatures vanquished.

Vanquished Creatures (collateral kills)
  A tengu reaver (D:15)
1 creature vanquished.

Vanquished Creatures (others)
  3 slaves (D:9)
  A centaur (D:14)
  A scorpion (D:9)
  2 orc priests (D:9)
  An orc (D:9)
  A quokka (D:9)
  A bush (Snake:1)
  17 fungi
  64 plants
91 creatures vanquished.

Grand Total: 1383 creatures vanquished

Notes
Turn   | Place    | Note
-------+----------+-------------------------------------------
     0 | D:1      | Promi the Draconian Conjurer began the quest for the Orb.
     0 | D:1      | Reached XP level 1. HP: 14/14 MP: 3/3
   381 | D:1      | Reached XP level 2. HP: 22/22 MP: 0/5
   472 | D:1      | Learned a level 2 spell: Searing Ray
   728 | D:1      | Reached XP level 3. HP: 27/27 MP: 0/6
   733 | D:1      | Learned a level 3 spell: Dazzling Spray
   807 | D:1      | Reached skill level 1 in Fighting
  1374 | D:2      | Reached XP level 4. HP: 31/35 MP: 8/8
  2137 | D:3      | Noticed cortexin's ghost (amateur TeFi)
  2250 | D:4      | Found a staircase to the Ecumenical Temple.
  2262 | Temple   | Entered the Ecumenical Temple
  2296 | Temple   | Became a worshipper of Vehumet
  2580 | D:4      | Reached XP level 5. HP: 16/41 MP: 2/9
  2678 | D:4      | Noticed jedvagenij's ghost (novice FoFi)
  2826 | D:3      | Found a glowing silver altar of Zin.
  3346 | D:3      | Reached skill level 2 in Fighting
  3381 | D:3      | Found a blossoming altar of Fedhas.
  3471 | D:3      | Learned a level 4 spell: Iskenderun's Mystic Blast
  3980 | D:4      | Found Daefonir's Jewellery Shoppe.
  4012 | D:5      | Entered Level 5 of the Dungeon
  4021 | D:5      | Reached skill level 1 in Shields
  4021 | D:5      | Reached XP level 6. HP: 36/50 MP: 2/11
  4227 | D:5      | Reached skill level 3 in Fighting
  4578 | D:3      | Found a glowing golden altar of the Shining One.
  4773 | D:3      | Reached * piety under Vehumet
  4773 | D:3      | Offered knowledge of Shock by Vehumet.
  4773 | D:3      | Your scales start taking on a dull iron-grey colour.
  4773 | D:3      | Reached XP level 7. HP: 40/57 MP: 2/12
  4773 | D:3      | Gained mutation: You can survive without breathing. [Grey Draconian growth]
  5013 | D:3      | Reached skill level 5 in Conjurations
  5063 | D:3      | Found a hazy altar of Hepliaklqana.
  5864 | D:5      | Noticed a hand axe
  5864 | D:5      | Noticed a hand axe
  5869 | D:5      | Found a hide-covered altar of Uskayaw.
  6118 | D:5      | Reached skill level 1 in Long Blades
  6477 | D:6      | Reached skill level 4 in Fighting
  6477 | D:6      | Reached XP level 8. HP: 66/66 MP: 7/14
  6628 | D:6      | Found a burning altar of Makhleb.
  6905 | D:6      | Found a shattered altar of Ashenzari.
  7038 | D:6      | Found an iron altar of Okawaru.
  7203 | D:6      | Offered knowledge of Throw Frost by Vehumet.
  7265 | D:6      | Learned a level 5 spell: Iskenderun's Battlesphere
  7277 | D:6      | Reached ** piety under Vehumet
  7623 | D:6      | Reached skill level 5 in Fighting
  7901 | D:7      | Reached XP level 9. HP: 74/74 MP: 16/16
  8315 | D:7      | Reached skill level 5 in Spellcasting
  8454 | D:7      | Found a sparkling altar of Nemelex Xobeh.
  8626 | D:7      | Reached skill level 5 in Dodging
  8904 | D:8      | Reached skill level 5 in Stealth
  9287 | D:8      | Noticed a moth of wrath
  9290 | D:8      | Found a bloodstained altar of Trog.
  9330 | D:8      | Got a bloodstained hand axe
  9331 | D:8      | Identified the +7 hand axe of Cocytus {drain, +Fly rC+ rN+ Int-2 Dex+2} (You found it on level 8 of the Dungeon)
  9430 | D:8      | Noticed a manticore
  9436 | D:8      | Killed a manticore
  9436 | D:8      | Offered knowledge of Conjure Flame by Vehumet.
  9436 | D:8      | Reached skill level 5 in Shields
  9479 | D:8      | Reached skill level 6 in Fighting
  9506 | D:8      | Found a shadowy altar of Dithmenos.
  9544 | D:8      | Noticed a komodo dragon
  9724 | D:8      | Reached *** piety under Vehumet
 10140 | D:8      | Killed a komodo dragon
 10140 | D:8      | Reached skill level 1 in Axes
 10140 | D:8      | Reached XP level 10. HP: 19/83 MP: 7/18
 10446 | D:8      | Found a staircase to the Lair.
 10878 | D:4      | Killed jedvagenij's ghost
 10878 | D:4      | Offered knowledge of Force Lance by Vehumet.
 10913 | D:4      | Bought an uncursed ring of poison resistance for 280 gold pieces
 11050 | D:9      | Noticed Pikel
 11087 | D:9      | Killed Pikel
 11364 | D:9      | Gained mutation: You are agile. (Dex +2) [potion of beneficial mutation]
 11419 | D:9      | Found a bloodstained altar of Trog.
 11595 | D:9      | Found Haecot's Armour Shop.
 11597 | D:9      | Found a staircase to the Orcish Mines.
 11868 | D:9      | Bought a +0 cloak for 54 gold pieces
 11868 | D:9      | Bought a +0 pair of gloves for 54 gold pieces
 12588 | Lair:1   | Entered Level 1 of the Lair of Beasts
 12593 | Lair:1   | Reached skill level 7 in Fighting
 12751 | Lair:1   | Noticed a black mamba
 12759 | Lair:1   | Killed a black mamba
 12860 | Lair:1   | Reached **** piety under Vehumet
 12956 | Lair:1   | Noticed a black mamba
 12966 | Lair:1   | Killed a black mamba
 13169 | Lair:1   | Reached XP level 11. HP: 73/92 MP: 21/21
 13718 | Lair:2   | Offered knowledge of Venom Bolt by Vehumet.
 13741 | Lair:2   | Noticed an eight-headed hydra
 13914 | Lair:2   | Noticed a six-headed hydra
 13985 | Lair:2   | Reached skill level 1 in Charms
 14104 | Lair:2   | Noticed a seven-headed hydra
 14242 | Orc:1    | Entered Level 1 of the Orcish Mines
 14243 | Orc:1    | Found Iclamat's Book Shop.
 14630 | Orc:2    | Entered Level 2 of the Orcish Mines
 14659 | Orc:2    | Found Yhifraun's Antique Weapon Boutique.
 14659 | Orc:2    | Found a staircase to the Elven Halls.
 14666 | Orc:2    | Found Tamoe's Food Shop.
 14674 | Orc:2    | Found Roloeh's General Store.
 14771 | Orc:2    | Found Facade Zigas's Antique Weapon Shoppe.
 14776 | Orc:2    | Found Caom's Gadget Shoppe.
 15178 | Orc:2    | Noticed an orc knight
 15197 | Orc:2    | Noticed a sun demon
 15432 | D:4      | Bought an uncursed ring of see invisible for 210 gold pieces
 15432 | D:4      | Bought an uncursed ring of magical power for 280 gold pieces
 15855 | Lair:2   | Killed a seven-headed hydra
 16110 | Lair:2   | Killed a six-headed hydra
 16110 | Lair:2   | Reached skill level 8 in Fighting
 16239 | Lair:2   | Killed an eight-headed hydra
 16341 | Lair:3   | Noticed bazzz's ghost (journeyman GrEE)
 16714 | Lair:3   | Reached ***** piety under Vehumet
 16734 | Lair:3   | Offered knowledge of Poisonous Cloud by Vehumet.
 17334 | Orc:2    | Reached skill level 5 in Axes
 17524 | Orc:2    | Found Zerhess's General Store.
 17563 | Orc:2    | Killed an orc knight
 17563 | Orc:2    | Reached XP level 12. HP: 76/103 MP: 5/23
 17958 | Orc:2    | Found Iteep's Magic Scroll Emporium.
 19027 | D:10     | Entered Level 10 of the Dungeon
 19158 | D:10     | Reached skill level 5 in Charms
 20169 | D:10     | Noticed Harold
 20187 | D:10     | Killed Harold
 20223 | D:10     | Reached skill level 9 in Fighting
 20298 | D:10     | Found a shimmering altar of Xom.
 21028 | D:11     | Noticed Maurice
 21032 | D:11     | Killed Maurice
 21032 | D:11     | Reached skill level 10 in Conjurations
 21034 | D:11     | Found a sacrificial altar of Ru.
 21142 | D:11     | Found an iron altar of Okawaru.
 21238 | D:11     | Found Oxoxzeof's Distillery.
 21440 | D:11     | Offered knowledge of Delayed Fireball by Vehumet.
 21478 | D:11     | Found an iron altar of Okawaru.
 21819 | D:11     | Found a runed door.
 21833 | D:11     | Found an iron altar of Okawaru.
 21889 | D:11     | Found a deep blue altar of Sif Muna.
 21941 | D:11     | Found an ancient bone altar of Kikubaaqudgha.
 21961 | D:11     | Found a shattered altar of Ashenzari.
 21968 | D:11     | Found a shimmering altar of Xom.
 22019 | D:12     | Noticed Josephine
 22331 | Lair:3   | Found a staircase to the Snake Pit.
 22382 | Lair:3   | Reached XP level 13. HP: 99/111 MP: 25/25
 22842 | Lair:3   | Killed bazzz's ghost
 23182 | Lair:4   | Found a dark tunnel.
 23214 | Volcano  | Entered a volcano
 23293 | Volcano  | Offered knowledge of Freezing Cloud by Vehumet.
 24020 | Lair:4   | Found a staircase to the Shoals.
 24032 | Lair:4   | Reached skill level 10 in Fighting
 25190 | Lair:5   | Noticed an entropy weaver
 25294 | Lair:5   | Noticed an entropy weaver
 25305 | Lair:5   | Killed an entropy weaver
 26175 | Lair:5   | Found a viscous altar of Jiyva.
 26179 | Lair:5   | Found a staircase to the Slime Pits.
 27304 | Lair:6   | Entered Level 6 of the Lair of Beasts
 27448 | Lair:6   | Reached XP level 14. HP: 108/122 MP: 27/27
 27469 | Lair:6   | Offered knowledge of Lee's Rapid Deconstruction by Vehumet.
 27876 | Lair:6   | Reached skill level 10 in Spellcasting
 28437 | Lair:6   | Learned a level 5 spell: Lee's Rapid Deconstruction
 28461 | Lair:6   | Reached skill level 1 in Earth Magic
 28838 | Lair:6   | Identified a scroll of acquirement
 28839 | Lair:6   | Got a pair of transparent gloves
 28850 | Lair:6   | Identified the +1 pair of gloves of Courage {rCorr} (You acquired it on level 6 of the Lair of Beasts)
 28902 | Lair:6   | Reached skill level 11 in Fighting
 29622 | Lair:6   | Offered knowledge of Bolt of Fire by Vehumet.
 30655 | Lair:6   | Reached skill level 5 in Earth Magic
 30865 | Lair:6   | Found a runed door.
 31810 | D:11     | Killed Josephine
 32157 | D:12     | Noticed Kirke
 32412 | D:12     | Reached ****** piety under Vehumet
 32447 | D:12     | Noticed Urug
 32468 | D:12     | Killed Urug
 32547 | D:12     | Offered knowledge of Conjure Ball Lightning by Vehumet.
 32752 | D:12     | Reached skill level 10 in Dodging
 33035 | D:12     | Noticed Azrael
 33362 | D:13     | Reached XP level 15. HP: 91/132 MP: 29/29
 33511 | D:13     | Found a labyrinth entrance.
 33520 | Lab      | Entered a labyrinth
 33898 | Lab      | Got a crude dagger
 33899 | Lab      | Identified the cursed +0 dagger of Zin {flame, rPois MR- SInv} (You found it in a labyrinth)
 33999 | Lab      | Identified the Almanac of Transmigration
 34000 | Lab      | Got a serpentine amber ring
 34005 | Lab      | Identified the ring "Sienestra" {rF+ MP+9 SInv} (You found it in a labyrinth)
 34010 | Lab      | Learned a level 3 spell: Tukima's Dance
 34425 | D:13     | Reached skill level 1 in Hexes
 34813 | D:13     | Reached skill level 12 in Fighting
 34942 | D:13     | Found a gate to the Vaults.
 36741 | D:14     | Noticed Rupert
 36758 | D:14     | Killed Rupert
 37392 | D:14     | Offered knowledge of Iron Shot by Vehumet.
 37400 | D:14     | Learned a level 6 spell: Iron Shot
 38234 | D:15     | Entered Level 15 of the Dungeon
 38991 | D:15     | Reached skill level 10 in Earth Magic
 39139 | D:15     | Reached skill level 10 in Axes
 39379 | D:15     | Found a shattered altar of Ashenzari.
 39384 | D:15     | Found a deep blue altar of Sif Muna.
 39385 | D:15     | Found a radiant altar of Vehumet.
 39938 | D:15     | Found a staircase to the Depths.
 40794 | D:15     | Reached skill level 5 in Hexes
 41179 | D:15     | Reached XP level 16. HP: 120/141 MP: 24/30
 42248 | Shoals:1 | Entered Level 1 of the Shoals
 42470 | D:11     | Bought 2 potions of resistance for 320 gold pieces
 42470 | D:11     | Bought a potion of heal wounds for 80 gold pieces
 42470 | D:11     | Bought a potion of heal wounds for 80 gold pieces
 42470 | D:11     | Bought a potion of magic for 128 gold pieces
 42470 | D:11     | Bought a potion of might for 64 gold pieces
 42694 | Slime:1  | Entered Level 1 of the Pits of Slime
 42749 | Snake:1  | Entered Level 1 of the Snake Pit
 43859 | Snake:1  | Found Kacsieh's Jewellery Shop.
 43860 | Snake:1  | Found Omaf's Gadget Shoppe.
 43861 | Snake:1  | Found Migh's Jewellery Shop.
 43883 | Snake:1  | Reached skill level 13 in Fighting
 44806 | Snake:2  | Noticed Vashnia
 46652 | Snake:2  | Found Movoumn's Armour Shop.
 46654 | Snake:2  | Found Moezag's Assorted Antiques.
 46656 | Snake:2  | Found Pyntonkocul's Food Shop.
 46678 | Snake:2  | Noticed Aizul
 47834 | Snake:2  | Upgraded the game from 0.19-a0-1631-gd09ab47 to 0.19-a0-1653-g922d709
 51643 | Snake:4  | Entered Level 4 of the Snake Pit
 52841 | Snake:4  | Reached XP level 17. HP: 151/151 MP: 10/31
 54595 | Snake:3  | Reached skill level 14 in Fighting
 57162 | Snake:4  | Offered knowledge of Lehudib's Crystal Spear by Vehumet.
 57162 | Snake:4  | Offered knowledge of Glaciate by Vehumet.
 57162 | Snake:4  | Offered knowledge of Shatter by Vehumet.
 58939 | Snake:4  | Got a serpentine rune of Zot
 60161 | Snake:2  | Killed Aizul
 60959 | Depths:1 | Entered Level 1 of the Depths
 61537 | Depths:1 | Noticed Bai Suzhen
 62527 | D:15     | Reached XP level 18. HP: 124/161 MP: 27/32
 64505 | D:15     | Learned a level 8 spell: Lehudib's Crystal Spear
 66415 | D:15     | Reached skill level 15 in Fighting
 67096 | D:15     | Identified the Disquisition on Talismans and Lightness
 68219 | Shoals:1 | Noticed Nikola
 68226 | Shoals:1 | HP: 3/163 [Nikola/chain lightning (15)]
 68226 | Shoals:1 | Killed from afar by Nikola

Vault maps used:
D:1:      saegor_arrival_simple_f, serial_park_tiny_pond
D:2:      first_bread
D:3:      lemuel_crystal_altar, lemuel_round_altar, zin_statuary,
          nicolae_tso_carved_into_rock
D:4:      serial_shops, shop
D:5:      dancing_weapons_uskayaw
D:6:      kennysheep_mini_moat, makhleb_heckhound_becter,
          minmay_misc_feat_cross, minivault_5, nicolae_ashenzari_panopticon
D:7:      nicolae_overflow_crystal_walls, grunt_ogre_cave
D:8:      tgw_trog, nicolae_dithmenos_shadow_blocks, david_lair_shrubbed
D:9:      orc_david_3, trog_three_pillars_becter, uniq_pikel
D:10:     serial_bayou, serial_bayou_ford_a, serial_bayou_shore_a,
          serial_bayou_shore_b, serial_bayou_pond_e, serial_bayou_lagoon_b,
          tgw_xom, uniq_harold
D:11:     due_megacathedral, basic_altar, serial_shops, nicolae_shop_stone,
          okawaru_ov_weapons_minmay, uniq_maurice
D:12:     uniq_kirke, uniq_urug, uniq_azrael, uniq_josephine
D:13:     lightli_vaults_fourway_checkpoint, lab_entry_generic
D:14:     minivault_27, uniq_rupert
D:15:     hangedman_slaughterboxes
Temple:   minmay_temple_curvy_loop
Lair:2:   grunt_megastairs_1, bh_autumn_forest_stairs, lemuel_fruit_fields
Lair:3:   minmay_snake_entry_guardpost_small
Lair:4:   elwin_shoals_entry_rooms, nicolae_volcano_entry_batcave,
          grunt_forest_stairs_clearing
Lair:5:   slime_altar_1, zaba_antful_of_joy, infiniplex_staircase_pool
Lair:6:   hangedman_lair_caniforms_friends, wormcave, special_room
Shoals:1: uniq_nikola
Snake:1:  spider_trap, minmay_shop_grove
Snake:2:  minmay_shop_star, uniq_aizul, uniq_vashnia
Snake:3:  lemuel_fruit_tree
Snake:4:  minmay_snake_end_coiled, serial_bayou, serial_bayou_crossing,
          serial_bayou_pond_e, serial_bayou_pond_e, serial_bayou_pond_e,
          serial_bayou_lake_a, hangedman_snake_pattern
Orc:1:    serial_shops, nicolae_shop_waterfront
Orc:2:    pf_orc_diabolical, serial_shops, nicolae_shop_trees, shop,
          nicolae_shop_waterfront, nicolae_shop_stone, shop
Depths:1: cheibrodos_leafed_vault, hangedman_decor_lopped,
          grunt_hell_entry_dis_old, kennysheep_generic_room_9, uniq_bai_suzhen
Lab:      labyrinth_watery, nicolae_lab_do_over, labyrinth_lava_lair
Volcano:  volcano_caves

Skill      XL: |  1  2  3  4  5  6  7  8  9 10 11 12 13 14 15 16 17 18 |
---------------+-------------------------------------------------------+-----
Dodging        | 2 3 4 5 6 7 8 9 10 11 12 | 12.7
Stealth        | 2 3 4 5 6 7 |  7.1
Fighting       | 1 2 3 4 5 6 7 8 9 10 11 12 13 14 15 | 15.1
Spellcasting   | 3 4 5 6 7 8 9 10 | 10.1
Shields        | 1 2 3 4 5 6 |  6.8
Conjurations   | 5 6 7 8 10 12 13 | 13.4
Long Blades    | 1 2 4 |  4.1
Axes           | 1 3 5 6 7 9 10 11 12 | 12.9
Charms         | 4 5 6 |  6.0
Earth Magic    | 7 10 13 | 13.6
Hexes          | 5 8 9 |  9.1

Action                   |  1- 3 |  4- 6 |  7- 9 | 10-12 | 13-15 | 16-18 || total
-------------------------+-------+-------+-------+-------+-------+-------++-------
Melee: Unarmed           |    17 |       |       |       |       |     1 ||    18
       Tailslap          |     4 |    16 |    52 |   160 |   322 |   239 ||   793
       Spear             |    70 |   177 |     1 |       |       |       ||   248
       Dagger            |       |       |   237 |     3 |       |       ||   240
       Long sword        |       |       |    48 |       |       |       ||    48
       Hand axe          |       |       |    54 |  1001 |  1911 |  1408 ||  4374
       Staff             |       |       |       |       |     4 |    25 ||    29
 Cast: Magic Dart        |    33 |    54 |    45 |    61 |    36 |    54 ||   283
       Searing Ray       |     1 |    19 |    46 |     5 |       |     2 ||    73
       Iskenderun's Myst |       |       |     3 |    76 |   318 |   526 ||   923
       Dazzling Spray    |       |       |     2 |     5 |     7 |     1 ||    15
       Iskenderun's Batt |       |       |       |    11 |    43 |    99 ||   153
       Lee's Rapid Decon |       |       |       |       |     1 |     5 ||     6
       Tukima's Dance    |       |       |       |       |     2 |    12 ||    14
       Iron Shot         |       |       |       |       |       |    62 ||    62
 Abil: Evoke Flight      |       |       |       |       |     2 |       ||     2
  Use: Scroll            |     4 |     3 |     3 |     7 |    16 |     8 ||    41
       Potion            |     1 |     3 |     7 |     2 |     9 |     8 ||    30
 Stab: Sleeping          |     6 |     4 |     8 |    16 |     9 |     5 ||    48
       Distracted        |       |       |     2 |     4 |     3 |     3 ||    12
       Invisible         |       |       |     2 |     2 |       |       ||     4
  Eat: Chunk             |     2 |     9 |    17 |    45 |    56 |    35 ||   164
       Bread ration      |       |     1 |       |     1 |     1 |     2 ||     5
       Beef jerky        |       |       |       |     3 |     1 |    12 ||    16
       Pizza             |       |       |       |       |     2 |     1 ||     3
       Royal jelly       |       |       |       |       |     2 |     8 ||    10
       Fruit             |       |       |       |       |       |    15 ||    15
Armor: Skin              |    40 |    63 |   141 |   257 |   614 |   319 ||  1434
Dodge: Dodged            |    69 |   161 |   268 |   655 |  1727 |  1107 ||  3987
Block: Buckler           |       |    43 |   113 |   310 |   850 |   390 ||  1706
       Shield            |       |       |       |       |       |   117 ||   117
